 Dungeon Crawl Stone Soup version 0.29-a0-334-gb41bcbb86e (webtiles) character file.

Game seed: 5767074466631345686

163 ObtusePanda the Chopper (level 5, -5/47 HPs)
             Began as a Hill Orc Fighter on Nov 19, 2021.
             Slain by an iguana (8 damage)
             ... on level 4 of the Dungeon on Apr 15, 2022.
             The game lasted 00:18:12 (1892 turns).

ObtusePanda the Chopper (Hill Orc Fighter)          Turns: 1892, Time: 00:18:13

Health: -5/47      AC:  8    Str: 21    XL:     5   Next: 44%
Magic:  5/5        EV:  9    Int:  8    God:
Gold:   93         SH:  4    Dex: 10    Spells: 4/4 levels left

rFire   . . .      SeeInvis .   a - +0 war axe
rCold   . . .      Faith    .   c - +0 buckler
rNeg    . . .      Spirit   .   b - +0 scale mail
rPois   .          Reflect  .   n - +0 helmet
rElec   .          Harm     .   (no cloak)
rCorr   .          Rampage  .   (no gloves)
Will    .....                   (no boots)
Stlth   ..........              (no amulet)
HPRegen 0.15/turn               (no ring)
MPRegen 0.09/turn               (no ring)

@: mighty
A: no striking features
a: no special abilities


You were on level 4 of the Dungeon.
You visited 1 branch of the dungeon, and saw 4 of its levels.

You collected 93 gold pieces.

Inventory:

Hand Weapons
 a - a +0 war axe (weapon)
 q - a +0 dagger of venom
Missiles
 j - 3 poisoned darts (quivered)
 r - 2 atropa-tipped darts
Armour
 b - a +0 scale mail (worn)
 c - a +0 buckler (worn)
 e - a +0 kite shield
 l - a +0 ring mail
 m - a +0 scale mail
 n - a +0 helmet (worn)
 p - a +1 hat
Scrolls
 f - 3 scrolls of identify
 g - a scroll of enchant weapon {unknown}
 h - a scroll of fear {unknown}
 i - a scroll of magic mapping {unknown}
 k - a scroll of holy word {unknown}
 o - a scroll of teleportation {unknown}


   Skills:
 + Level 4.7 Fighting
 * Level 4.8 Axes
 + Level 4.2 Armour
 - Level 0.2 Dodging
 + Level 3.9 Shields


You had 4 spell levels left.
You didn't know any spells.
Your spell library was empty.

Dungeon Overview and Level Annotations

Branches:
Dungeon (4/15)
 Temple: D:4-7

Altars:
Cheibriados


Message History

You closely miss the kobold brigand.
The kobold brigand is moderately wounded.
You feel sick. The kobold brigand barely misses you.
The kobold brigand closely misses you.
You slice the kobold brigand!!
You kill the kobold brigand!
You feel sick.
Your Armour skill increases to level 4!
You have reached level 5!
You feel stronger.
You feel sick.
You feel sick.
Things that are here:
a +0 whip; 3 poisoned darts; a kobold corpse
j - 3 poisoned darts You feel sick.
You are no longer poisoned.
r - 2 atropa-tipped darts You start resting.
You feel a little less mighty now.
You start resting.
An iguana comes into view.
The iguana hisses angrily.
The iguana hisses menacingly.
You start resting.
An iguana is nearby!
You hit the iguana.
The iguana is lightly wounded.
The iguana bites you!
You slash the iguana!
The iguana is almost dead.
The iguana bites you! x2
* * * LOW HITPOINT WARNING * * *
You hit the iguana but do no damage.
The iguana is almost dead.
The iguana bites you.
* * * LOW HITPOINT WARNING * * *
You feel very mighty all of a sudden. The iguana bites you!
You die...

.. .. #. ....## ..#
#.###..##..# ...#
...#.......##
....##..>.##.....#
......>..##...##
#......###....#
#......##...#@##
...##..<..#..###l.###
............l.......#
..#.................#
...........†)......##
...............#...#
...............#.#.#
.................#.##
.....#.........#....#


You could see an iguana.

Vanquished Creatures
  A kobold brigand (D:4)
  A howler monkey (D:3)
  2 adders
  3 dart slugs
  2 bats
  A giant cockroach (D:1)
  3 goblins (D:1)
  6 hobgoblins
  2 jackals (D:2)
  2 quokkas (D:3)
  5 ball pythons
  4 kobolds
  5 rats
37 creatures vanquished.

Notes
Turn   | Place    | Note
-------+----------+-------------------------------------------
     0 | D:1      | ObtusePanda the Hill Orc Fighter began the quest for the
                  | Orb.
     0 | D:1      | Reached XP level 1. HP: 19/19 MP: 1/1
   261 | D:1      | Reached XP level 2. HP: 10/27 MP: 2/2
   947 | D:2      | Found a faded altar of an unknown god.
   973 | D:2      | Upgraded the game from 0.28-a0-863-g8cecda6153 to
                  | 0.29-a0-334-gb41bcbb86e
  1018 | D:2      | Found a snail-covered altar of Cheibriados.
  1170 | D:2      | Reached XP level 3. HP: 12/33 MP: 3/3
  1622 | D:3      | Reached XP level 4. HP: 39/41 MP: 4/4
  1779 | D:4      | Noticed a kobold brigand
  1800 | D:4      | Killed a kobold brigand
  1801 | D:4      | Reached XP level 5. HP: 25/47 MP: 5/5
  1892 | D:4      | Slain by an iguana

Illustrated notes

Levels and vault maps discovered:
D:1:      evilmike_arrival_plus, layout_basic, minmay_stone_trees_small,
          st_stairs_13
D:2:      layout_loops_cross, basic_altar,
          hellmonk_ecumenical_altar_arch_garden, due_unseen_surprise
D:3:      minmay_skewed_foursquare, layout_rooms
D:4:      layout_cave_pools, serial_shops, nicolae_shop_statue_plus, uniq_pikel

Skill      XL: |  1  2  3  4 |
---------------+-------------+-----
Axes           | 3 4 |  4.8
Fighting       | 4 |  4.7
Armour         | 4 |  4.2
Dodging        | |  0.2
Shields        | |  3.9

Action                   |  1- 3 |  4- 6 || total
-------------------------+-------+-------++-------
Melee: War axe           |    91 |    32 ||   123
Throw: Dart              |       |     2 ||     2
  Use: Scroll            |     1 |       ||     1
       Potion            |       |     4 ||     4
Armor: Scale mail        |    46 |    16 ||    62
Dodge: Dodged            |    45 |    23 ||    68
Block: Buckler           |    21 |    12 ||    33

Table legend: (Time is in decaauts)
 A = Elapsed time spent in this place.
 B = Non-inter-level travel time spent in this place.
 C = Inter-level travel time spent in this place.
 D = Time resting spent in this place.
 E = Time spent auto-exploring this place.
 F = Levels seen in this place.
 G = Mean time per level.
                   A        B        C        D        E       F      G
               +--------+--------+--------+--------+--------+-----+--------+
         Total |   1935 |   1927 |      8 |    375 |    184 |   4 |  483.8 |
       Dungeon |   1935 |   1927 |      8 |    375 |    184 |   4 |  483.8 |
               +--------+--------+--------+--------+--------+-----+--------+

Top non-repeatable levels by time:
     D:1: 811 daAuts
     D:2: 650 daAuts
     D:3: 351 daAuts
     D:4: 122 daAuts
